 Dungeon Crawl Stone Soup version 0.22.1-6-g1668fe2c40 (webtiles) character file.

65 Kohma the Changer (level 3, -6/28 HPs)
             Began as a Draconian Transmuter on Jan 25, 2019.
             Mangled by a centaur (9 damage)
             ... on level 2 of the Dungeon.
             The game lasted 00:06:10 (1812 turns).

Kohma the Changer (Draconian Transmuter)            Turns: 1812, Time: 00:06:11

Health: -6/28      AC:  6    Str: 12    XL:     3   Next: 94%
Magic:  4/7        EV: 12    Int: 14    God:
Gold:   98         SH:  0    Dex: 11    Spells: 1/7 levels left

rFire    . . .     SeeInvis .     - Unarmed
rCold    . . .     Gourm    .   (no shield)
rNeg     . . .     Faith    .   (armour unavailable)
rPois    .         Spirit   .   k - +1 hat
rElec    .         Reflect  .   (no cloak)
rCorr    .         Harm     .   (no gloves)
MR       .....                  (no boots)
Stlth    +.........             (no amulet)
HPRegen  0.09/turn              (no ring)
MPRegen  0.10/turn              (no ring)

@: appendage (expiring)
A: unfitting armour, horns 2, cold-blooded, AC +5
a: End Transformation


You were on level 2 of the Dungeon.
You were hungry.
You had grown temporary horns.
You visited 1 branch of the dungeon, and saw 2 of its levels.

You collected 98 gold pieces.

Inventory:

Missiles
 a - 10 arrows
 b - 165 stones (quivered)
 n - 12 poisoned needles
Armour
 e - a +0 buckler
 k - a +1 hat (worn)
 r - a +0 large shield
Jewellery
 f - a cursed amulet of inaccuracy {unknown}
 i - an uncursed ring of see invisible {unknown}
Scrolls
 g - a scroll of amnesia {unknown}
 j - a scroll of fog {unknown}
 p - a scroll of teleportation {unknown}
Potions
 h - a potion of agility {unknown}
 l - a potion of haste {unknown}
 m - a potion of flight {unknown}
 o - a potion of heal wounds {unknown}
 q - a potion of mutation {unknown}
Comestibles
 c - 6 rations
 d - 5 chunks of flesh


   Skills:
 - Level 1.1 Fighting
 - Level 1.7 Dodging
 - Level 3.0 Unarmed Combat
 + Level 2.7 Spellcasting
 * Level 3.7 Transmutations
 + Level 0.0 Poison Magic


You had one spell level left.
You knew the following spells:

 Your Spells              Type           Power        Failure   Level  Hunger
a - Beastly Appendage     Tmut           ##....       4%          1    #......
b - Sticks to Snakes      Tmut           ##......     8%          2    ###....
c - Spider Form           Tmut/Pois      #.........   30%         3    ###....

Your spell library contained the following spells:

 Spells                   Type           Power        Failure   Level  Hunger
 Ice Form                 Ice/Tmut       #.......     71%         4    #####..
 Blade Hands              Tmut           ##........   80%         5    ######.


Dungeon Overview and Level Annotations

Branches:
Dungeon (2/15)

Altars:

Annotations:
D:2 1 runed door


Innate Abilities, Weirdness & Mutations

Your plain brown scales are hard. (AC +5)
You cannot fit into any form of body armour.
You are cold-blooded and may be slowed by cold attacks.
You have a pair of horns on your head.


Message History

The centaur is moderately wounded.
The centaur hits you.
* * * LOW HITPOINT WARNING * * *
Your ball python bites the centaur.
You closely miss the centaur.
You headbutt the centaur, but do no damage.
The centaur is moderately wounded.
The centaur barely misses you.
Your ball python bites the centaur.
You hit the centaur.
The centaur is heavily wounded.
Your transformation is almost over.
The centaur hits you but does no damage.
Your ball python bites the centaur but does no damage.
The centaur closely misses you.
Some of the chunks of flesh in your inventory have rotted away.
You hit the centaur but do no damage.
You tail-slap the centaur, but do no damage.
The centaur is heavily wounded.
The centaur hits you!
You die...

#.##.####.# #.
.. #.# #.# #.
## #.####.##
#. #.......#
#. ######..#
#. ##### #..#
#.
###S(.###..###
#.
#.c..(.......#
##
#@#...##.###.#
#.##.###.# .#
#.##.# #g# #
.(.#.# #.#
(..#.# #.#
(.....# #.#
....... ..#
.##### .......
...... ######


You could see a centaur and a friendly ball python.

Vanquished Creatures
  An adder (D:2)
  2 dart slugs
  2 leopard geckos
  7 bats
  A giant cockroach (D:1)
  3 goblins (D:1)
  7 hobgoblins
  2 jackals (D:1)
  8 kobolds
  2 frilled lizards
  13 rats
48 creatures vanquished.

Notes
Turn   | Place    | Note
-------+----------+-------------------------------------------
     0 | D:1      | Kohma the Draconian Transmuter began the quest for the Orb.
     0 | D:1      | Reached XP level 1. HP: 16/16 MP: 3/3
   223 | D:1      | Reached XP level 2. HP: 23/23 MP: 3/5
   227 | D:1      | Learned a level 2 spell: Sticks to Snakes
   582 | D:1      | Reached XP level 3. HP: 28/28 MP: 4/6
   592 | D:1      | Learned a level 3 spell: Spider Form
  1174 | D:2      | Found a runed door.
  1800 | D:2      | Noticed a centaur
  1812 | D:2      | Mangled by a centaur

Skill      XL: |  1  2 |
---------------+-------+-----
Transmutations | 3 |  3.7
Fighting       | |  1.1
Dodging        | |  1.7
Unarmed Combat | |  3.0
Spellcasting   | |  2.7

Action                   || total
-------------------------++-------
Melee: Unarmed           ||   143
       Tailslap          ||     8
       Headbutt          ||    10
       Kick              ||     2
       Punch             ||     1
Throw: Stone             ||    41
 Cast: Beastly Appendage ||    23
       Sticks to Snakes  ||     2
  Eat: Chunk             ||     3
Armor: Skin              ||    60
Dodge: Dodged            ||   100
